 Dungeon Crawl Stone Soup version 0.21-a0-525-ga34b322 (webtiles) character file.

320 Kingsmith the Shield-Bearer (level 6, -5/53 HPs)
             Began as a Gnoll Fighter on Dec 8, 2017.
             Slain by an orc priest
             ... wielding a +0 falchion of electrocution
              (18 damage)
             ... on level 3 of the Dungeon.
             The game lasted 00:02:12 (1728 turns).

Kingsmith the Shield-Bearer (Gnoll Fighter)         Turns: 1728, Time: 00:02:13

Health: -5/53      AC: 13    Str: 20    XL:     6   Next: 46%
Magic:  8/8        EV:  5    Int: 11    God:
Gold:   123        SH: 11    Dex: 19    Spells: 8/8 levels left

rFire    . . .     SeeInvis .     - Unarmed
rCold    . . .     Gourm    .   b - +0 shield
rNeg     . . .     Faith    .   g - +0 plate armour
rPois    .         Spirit   .   (no helmet)
rElec    .         Reflect  .   (no cloak)
rCorr    .         Harm     .   (no gloves)
MR       .....                  (no boots)
Stlth    ..........             (no amulet)
HPRegen  0.17/turn              e - +5 ring of dexterity
MPRegen  0.11/turn              f - ring of wizardry (curse)

@: no status effects
A: distributed training, fangs 1, strong nose
a: no special abilities


You were on level 3 of the Dungeon.
You were not hungry.

You visited 1 branch of the dungeon, and saw 3 of its levels.

You collected 123 gold pieces.

Inventory:

Armour
 b - a +0 shield (worn)
 g - a +0 plate armour (worn)
Jewellery
 e - a +5 ring of dexterity (left hand)
 f - a cursed ring of wizardry (right hand)
Wands
 k - a wand of scattershot (6)
 m - a wand of digging (14)
Scrolls
 a - 2 scrolls of amnesia {unknown}
 h - 3 scrolls of teleportation {unknown}
 i - a scroll of fear {unknown}
 j - a scroll of identify {unknown}
 o - a scroll of enchant armour {unknown}
 p - a scroll of magic mapping {unknown}
Potions
 c - a potion of might
 l - a potion of heal wounds {unknown}
Comestibles
 d - 3 bread rations
 n - 2 chunks of flesh


   Skills:
 + Level 6.8 Fighting
 + Level 1.9 Short Blades
 + Level 1.9 Long Blades
 + Level 1.9 Axes
 + Level 1.9 Maces & Flails
 + Level 1.9 Polearms
 + Level 1.9 Staves
 + Level 1.9 Slings
 + Level 1.9 Bows
 + Level 1.9 Crossbows
 + Level 1.9 Throwing
 + Level 6.8 Armour
 + Level 1.9 Dodging
 + Level 1.9 Stealth
 + Level 6.8 Shields
 + Level 5.0 Unarmed Combat
 + Level 1.9 Spellcasting
 + Level 1.5 Conjurations
 + Level 1.5 Hexes
 + Level 1.5 Charms
 + Level 1.5 Summonings
 + Level 1.5 Necromancy
 + Level 1.5 Translocations
 + Level 1.5 Transmutations
 + Level 1.5 Fire Magic
 + Level 1.5 Ice Magic
 + Level 1.5 Air Magic
 + Level 1.5 Earth Magic
 + Level 1.5 Poison Magic
 + Level 2.1 Invocations
 + Level 1.9 Evocations


You had 8 spell levels left.
You didn't know any spells.

Dungeon Overview and Level Annotations

Branches:
Dungeon (3/15)

Altars:

Annotations:
D:3 Jessica


Innate Abilities, Weirdness & Mutations

Your experience applies equally to all skills.
You have very sharp teeth.
Your uncanny sense of smell can sniff out nearby items.


Message History

You barely miss the orc priest. You bite the orc priest.
The orc priest is lightly wounded.
The bat hits you but does no damage. You block the orc's attack. x2
The giant cockroach bites you but does no damage.
You punch the orc priest!
The orc priest is heavily wounded.
The orc priest calls down the wrath of Beogh upon you.
Pain shoots through your body!
The giant cockroach bites you but does no damage.
The orc hits you but does no damage. x3
Jessica casts a spell at you. Pain shoots through your body!
* * * LOW HITPOINT WARNING * * *
You hit the orc priest but do no damage.
The orc priest is heavily wounded.
The giant cockroach bites you but does no damage.
The orc priest hits you with a falchion of electrocution.
* * * LOW HITPOINT WARNING * * *
You are electrocuted!
You die...

###########
#.........[...
#.............
#####.............
..................
..................
.....(.bK......#
.......oso.....#
..#'#.b@@((....#
#....oo......#
###.########## ...
##.. .. ... ### ##


You could see an orc priest, Jessica, 3 orcs, a giant cockroach, 2 bats and a
kobold.

Vanquished Creatures
  Sigmund (D:3)
  A scorpion (D:3)
  An iguana (D:2)
  2 adders
  A worm (D:2)
  6 leopard geckos
  An orc (D:3)
  A ball python (D:3)
  6 giant cockroaches
  8 goblins
  3 hobgoblins
  A quokka (D:3)
  8 bats
  2 frilled lizards
  4 kobolds
  6 rats
52 creatures vanquished.

Notes
Turn   | Place    | Note
-------+----------+-------------------------------------------
     0 | D:1      | Kingsmith the Gnoll Fighter began the quest for the Orb.
     0 | D:1      | Reached XP level 1. HP: 23/23 MP: 1/1
    95 | D:1      | Reached XP level 2. HP: 25/29 MP: 2/2
   613 | D:2      | Reached XP level 3. HP: 35/35 MP: 3/3
   745 | D:2      | Reached skill level 1 in Short Blades
   745 | D:2      | Reached skill level 1 in Long Blades
   745 | D:2      | Reached skill level 1 in Axes
   745 | D:2      | Reached skill level 1 in Maces & Flails
   745 | D:2      | Reached skill level 1 in Polearms
   745 | D:2      | Reached skill level 1 in Staves
   745 | D:2      | Reached skill level 1 in Slings
   745 | D:2      | Reached skill level 1 in Bows
   745 | D:2      | Reached skill level 1 in Crossbows
   745 | D:2      | Reached skill level 1 in Throwing
   745 | D:2      | Reached skill level 1 in Dodging
   745 | D:2      | Reached skill level 1 in Stealth
   745 | D:2      | Reached skill level 1 in Spellcasting
   745 | D:2      | Reached skill level 1 in Invocations
   745 | D:2      | Reached skill level 1 in Evocations
  1009 | D:2      | Reached XP level 4. HP: 39/41 MP: 5/5
  1437 | D:3      | Noticed Sigmund
  1454 | D:3      | Killed Sigmund
  1454 | D:3      | Reached skill level 1 in Conjurations
  1454 | D:3      | Reached skill level 1 in Hexes
  1454 | D:3      | Reached skill level 1 in Charms
  1454 | D:3      | Reached skill level 1 in Summonings
  1454 | D:3      | Reached skill level 1 in Necromancy
  1454 | D:3      | Reached skill level 1 in Translocations
  1454 | D:3      | Reached skill level 1 in Transmutations
  1454 | D:3      | Reached skill level 1 in Fire Magic
  1454 | D:3      | Reached skill level 1 in Ice Magic
  1454 | D:3      | Reached skill level 1 in Air Magic
  1454 | D:3      | Reached skill level 1 in Earth Magic
  1454 | D:3      | Reached skill level 1 in Poison Magic
  1454 | D:3      | Reached XP level 5. HP: 37/47 MP: 5/7
  1454 | D:3      | Reached XP level 6. HP: 41/53 MP: 5/8
  1683 | D:3      | Reached skill level 5 in Unarmed Combat
  1709 | D:3      | Noticed Jessica
  1728 | D:3      | Slain by an orc priest

Vault maps used:
D:1:      onia_arrival_mini_spirals, serial_forest,
          infiniplex_forest_clump_diagonal, infiniplex_forest_end_3,
          infiniplex_forest_straight_2, infiniplex_forest_clump_medium,
          minmay_hexomino_f4
D:3:      first_bread, uniq_crazy_yiuf_cottage, uniq_sigmund, uniq_jessica

Skill      XL: |  1  2  3  4  5  6 |
---------------+-------------------+-----
Short Blades   | 1 |  1.9
Long Blades    | 1 |  1.9
Axes           | 1 |  1.9
Maces & Flails | 1 |  1.9
Polearms       | 1 |  1.9
Staves         | 1 |  1.9
Slings         | 1 |  1.9
Bows           | 1 |  1.9
Crossbows      | 1 |  1.9
Throwing       | 1 |  1.9
Dodging        | 1 |  1.9
Stealth        | 1 |  1.9
Spellcasting   | 1 |  1.9
Invocations    | 1 2 |  2.1
Evocations     | 1 |  1.9
Conjurations   | 1 |  1.5
Hexes          | 1 |  1.5
Charms         | 1 |  1.5
Summonings     | 1 |  1.5
Necromancy     | 1 |  1.5
Translocations | 1 |  1.5
Transmutations | 1 |  1.5
Fire Magic     | 1 |  1.5
Ice Magic      | 1 |  1.5
Air Magic      | 1 |  1.5
Earth Magic    | 1 |  1.5
Poison Magic   | 1 |  1.5
Unarmed Combat | 5 |  5.0
Fighting       | |  6.8
Armour         | |  6.8
Shields        | |  6.8

Action                   |  1- 3 |  4- 6 || total
-------------------------+-------+-------++-------
Melee: Unarmed           |    83 |    83 ||   166
       Bite              |    11 |    14 ||    25
  Eat: Chunk             |       |     3 ||     3
Armor: Scale mail        |     9 |       ||     9
       Plate armour      |    12 |    73 ||    85
Dodge: Dodged            |    16 |    27 ||    43
Block: Shield            |    31 |    68 ||    99

Table legend:
 A = Spawn XP
 B = Non-spawn XP
 C = Spawn XP percentage of total XP
 D = Spawn monster count
 E = Non-spawn monster count
 F = Spawn count percentage of total count
 G = Total turns spent on level
                    A         B        C        D         E        F      G
               +---------+---------+-------+---------+---------+-------+---------
         Total |       0 |     458 |   0.0 |       0 |      52 |   0.0 |  1728
               +---------+---------+-------+---------+---------+-------+---------
           D:1 |       0 |      29 |   0.0 |       0 |      17 |   0.0 |   496
           D:2 |       0 |      81 |   0.0 |       0 |      18 |   0.0 |   940
           D:3 |       0 |     348 |   0.0 |       0 |      17 |   0.0 |   292
               +---------+---------+-------+---------+---------+-------+---------
